 Dungeon Crawl Stone Soup version 0.18.1-48-g4cf74bf (webtiles) character file.

85 grulito the Cutter (level 4, -2/29 HPs)
             Began as a Halfling Assassin on June 25, 2016.
             Slain by an orc
             ... wielding a +0 flail
              (10 damage)
             ... on level 2 of the Dungeon.
             The game lasted 00:13:50 (2986 turns).

grulito the Cutter (Halfling Assassin)              Turns: 2986, Time: 00:13:51

Health: -2/29      AC:  4    Str: 11    XL:     4   Next: 75%
Magic:  4/4        EV: 16    Int: 10    God:
Gold:   126        SH:  0    Dex: 16    Spells: 0 memorised, 3 levels left

rFire  . . .     SeeInvis .     a - +2 dagger
rCold  . . .     Gourm    .     c - +0 robe
rNeg   . . .     Faith    .     (shield restricted)
rPois  .         Spirit   .     u - +0 helmet
rElec  .         Dismiss  .     d - +0 cloak
rCorr  .         Reflect  .     (no gloves)
SustAt .         Harm     .     (no boots)
MR     .....                    (no amulet)
Stlth  +++.......               (no ring)
                                s - ring of wizardry

@: not resistant to hostile enchantments, fairly stealthy
A: mutation resistance 1
a: no special abilities


You were on level 2 of the Dungeon.
You were not hungry.

You visited 1 branch of the dungeon, and saw 3 of its levels.

You collected 126 gold pieces.

Inventory:

Hand Weapons
 a - a +2 dagger (weapon)
 b - a +0 blowgun
 h - a +0 short sword
Missiles
 e - 5 poisoned needles
 f - 2 curare-tipped needles
 g - 8 needles of confusion
Armour
 c - a +0 robe (worn)
 d - a +0 cloak (worn)
 q - a +0 robe
 u - a +0 helmet (worn)
Jewellery
 s - a ring of wizardry (left hand)
Scrolls
 i - a scroll of fear {unknown}
 j - a scroll of magic mapping {unknown}
 k - a scroll of immolation {unknown}
 l - 3 scrolls of recharging {unknown}
 n - 3 scrolls of remove curse {unknown}
 o - a scroll of identify
 p - a scroll of enchant weapon {unknown}
Potions
 r - 4 potions of curing {unknown}
 t - a potion of invisibility {unknown}
 v - a potion of mutation {unknown}
Comestibles
 m - a meat ration


   Skills:
 - Level 1.7 Fighting
 + Level 4.5 Short Blades
 - Level 2.1 Throwing
 - Level 3.3 Dodging
 - Level 4.3 Stealth


You had 3 spell levels left.
You didn't know any spells.

Dungeon Overview and Level Annotations

Branches:
Dungeon (3/15)

Altars:
Sif Muna


Innate Abilities, Weirdness & Mutations

You are small and have problems with some larger weapons.
You are somewhat resistant to further mutation.


Message History

The orc hits you with a flail. The orc priest hits you with a club.
You hit the orc priest but do no damage.
The orc priest is heavily wounded.
The bat misses you. The bat closely misses you. The orc hits you with a flail.
The orc priest hits you but does no damage.
You can't go down here!
The bat hits you but does no damage. x2
The orc priest casts a cantrip, but nothing happens.
The orc completely misses you. The orc barely misses you.
You climb upwards.
There is a stone staircase leading down here.
You hit the orc priest.
The orc priest is heavily wounded.
The bat hits you. The orc priest completely misses you.
You closely miss the orc priest.
The orc priest is heavily wounded.
The bat closely misses you. The orc hits you with a short sword.
* * * LOW HITPOINT WARNING * * *
The orc hits you with a flail!
You die...

# #.#..#####...#...# #. ####
#................# ### ...#
#..##########....# #.. ##.#
#...### #....# #.# ...#
####.#...#######....###..
...######....#..............##..#
...##....>...............##......
...##...........bo......#####....
..............>.@..)....# ##...
...............oo...##### #...
..<#.<............##### ##...
.###.###..........##..#######..##
.###.##..)....#.......##......##
..........)......###.....######
.##.#..........####..############
.##.#..........####.####.....#...
.##.#......<..(##...###..........


You could see an orc priest, 2 orcs and a bat.

Vanquished Creatures
  2 adders
  3 dart slugs
  2 giant geckos
  An orc (D:3)
  2 giant cockroaches
  5 goblins
  9 hobgoblins
  4 jackals (D:1)
  5 kobolds
  A quokka (D:2)
  7 bats
  A giant gecko skeleton (D:3)
  6 giant newts
  6 rats
54 creatures vanquished.

Notes
Turn   | Place    | Note
--------------------------------------------------------------
     0 | D:1      | grulito the Halfling Assassin began the quest for the Orb.
     0 | D:1      | Reached XP level 1. HP: 14/14 MP: 1/1
   483 | D:1      | Reached XP level 2. HP: 19/19 MP: 2/2
  1084 | D:1      | Reached XP level 3. HP: 23/24 MP: 3/3
  1986 | D:2      | Reached XP level 4. HP: 29/29 MP: 4/4
  2721 | D:2      | Found a deep blue altar of Sif Muna.
  2986 | D:2      | Slain by an orc

Skill      XL: |  1  2  3  4 |
---------------+-------------+-----
Short Blades   | 3 4 |  4.5
Dodging        | 2 3 |  3.3
Fighting       | |  1.7
Throwing       | |  2.1
Stealth        | |  4.3

Action                   |  1- 3 |  4- 6 || total
-------------------------+-------+-------++-------
Melee: Dagger            |    80 |    79 ||   159
 Fire: Blowgun           |     9 |     8 ||    17
  Use: Scroll            |       |     2 ||     2
 Stab: Sleeping          |     5 |     1 ||     6
  Eat: Bread ration      |     1 |       ||     1
       Meat ration       |       |     1 ||     1
Armor: Robe              |    14 |    22 ||    36
Dodge: Dodged            |    57 |    84 ||   141
